Map: Emerald City LE

Players

Massa

  • Race: Terran Terran
  • League: Gold
  • Spawn Location: 11:00

qqq

  • Race: Protoss Protoss
  • League: Platinum
  • Spawn Location: 11:00

GERNICK - Winner!

  • Race: Zerg Zerg
  • League: Platinum
  • Spawn Location: 5:00

TheOldBee - Winner!

  • Race: Zerg Zerg
  • League: Diamond
  • Spawn Location: 5:00

VOD

Have the link to the VOD?

Description

Time

  • Played on: July 28, 2020, 7:44 a.m.
  • Length: 18:49
Show
View Real Time Build Order
Export as new Build Order

Massa Terran 

Build Orders:  

Get SALT Encoding   

  12  0:02  SCV  
  13  0:14  SCV  
  14  0:19  Supply Depot  
  14  0:26  SCV  
  15  0:32  Refinery  
  15  0:44  Barracks  
  15  0:46  SCV  
  16  0:58  SCV  
  17  1:10  SCV  
  18  1:22  SCV  
  19  1:31  Reaper  
  20  1:36  SCV  
  21  1:47  Command Center  
  21  1:48  SCV  
  22  2:01  Orbital Command  
  22  2:06  Reaper  
  23  2:17  Refinery  
  23  2:39  Supply Depot  
  23  2:58  SCV  
  25  3:05  SCV  
  25  3:10  SCV  
  26  3:15  Factory  
  26  3:17  SCV  
  27  3:20  Marine  
  27  3:23  SCV  
  29  3:29  SCV  
  30  3:35  SCV  
  30  3:37  Marine  
  31  3:42  SCV  
  31  3:47  SCV  
  33  3:55  Marine  
  32  3:59  Supply Depot  
  32  4:01  Factory Tech Lab  
  33  4:06  Barracks  
  33  4:10  Refinery, SCV x2  
  33  4:13  Marine  
  36  4:22  SCV x2  
  38  4:31  Marine  
  38  4:37  Engineering Bay  
  39  4:40  Starport, Command Center  
  39  4:46  Siege Tank  
  39  4:49  Marine  
  43  4:53  Barracks  
  43  4:58  Barracks Tech Lab, Barracks  
  43  5:00  Orbital Command  
  43  5:01  SCV  
  43  5:06  Marine  
  45  5:13  SCV  
  46  5:18  Widow Mine  
  48  5:24  Stimpack  
  48  5:25  SCV, Marauder, Marine  
  52  5:37  SCV  
  52  5:38  Missile Turret  
  53  5:43  Marine  
  53  5:46  Missile Turret  
  53  5:47  Supply Depot  
  53  5:48  Terran Infantry Weapons Level 1  
  54  5:51  Widow Mine, SCV, Marauder  
  54  5:52  Medivac  
  61  5:57  Orbital Command  
  61  5:58  Missile Turret  
  61  6:01  Marine  
  61  6:02  Marine  
  63  6:05  Barracks Reactor  
  63  6:06  Missile Turret  
  63  6:13  Widow Mine, Marauder  
  67  6:19  Marine  
  67  6:21  Barracks Reactor  
  68  6:32  Missile Turret  
  68  6:34  Marauder  
  68  6:36  Marine  
  71  6:43  SCV x2  
  73  6:47  Orbital Command, Siege Tank  
  76  6:54  Missile Turret  
  76  6:55  SCV  
  76  7:00  Supply Depot x2  
  77  7:01  Supply Depot  
  77  7:22  SCV x3, Marauder, Viking  
  84  7:25  Supply Depot  
  84  7:34  SCV x3  
  87  7:41  Marine x3  
  87  7:42  Marine x2  
  87  7:44  Marauder  
  94  7:46  SCV x3  
  94  7:47  Siege Tank  
  94  7:49  Orbital Command  
  100  7:58  SCV x2  
  100  7:59  Marine x4  
  100  8:00  Marine  
  100  8:05  Marauder  
  109  8:33  Supply Depot x2  
  109  8:35  Supply Depot  
  109  8:36  Supply Depot x2  
  109  8:38  Armory  
  109  8:43  Missile Turret  
  109  8:47  Refinery  
  109  8:48  Factory  
  109  8:54  SCV x2, Marine  
  109  8:55  Marauder  
  114  8:59  Supply Depot  
  114  9:00  Supply Depot  
  114  9:04  Supply Depot  
  114  9:05  Missile Turret  
  114  9:16  Marauder  
  112  9:27  Missile Turret  
  81  9:47  Marauder, Missile Turret  
  81  9:48  Marine  
  81  9:49  Marine x4  
  88  9:54  Factory Tech Lab  
  85  10:06  Marine  
  85  10:07  Marine x4  
  77  10:09  Marauder  
  80  10:14  Medivac  
  82  10:24  Marine x5  
  82  10:25  Command Center  
  87  10:30  Marauder  
  87  10:35  SCV x3  
  90  10:40  Command Center  
  90  10:42  Marine x5  
  95  10:44  Medivac  
  95  10:45  Refinery  
  95  10:47  SCV  
  95  10:48  SCV x2, Command Center, Siege Tank  
  95  10:49  Siege Tank  
  108  10:52  Marauder  
  106  10:59  SCV  
  106  11:00  SCV x2, Marine  
  104  11:09  Concussive Shells  
  93  11:11  SCV  
  93  11:12  SCV x2  
  93  11:13  Marauder  
  93  11:14  Medivac  
  96  11:19  Marine x5  
  96  11:21  Siege Tank x2  
  96  11:23  SCV  
  96  11:24  SCV x2  
  104  11:34  Marauder  
  104  11:36  Marine  
  104  11:37  Marine x4  
  106  11:53  Siege Tank  
  98  11:54  Marine  
  98  11:55  Marine x4  
  98  11:56  Marauder  
  81  12:12  Marine  
  81  12:13  Marine x4  
  78  12:17  Marauder  
  78  12:18  Planetary Fortress  
  78  12:20  Planetary Fortress  
  78  12:24  Medivac  
  78  12:25  Siege Tank  
  83  12:30  Marine x4  
  83  12:31  Barracks, Marine  
  83  12:33  Barracks  
  88  12:39  Marauder  
  89  12:48  Marine x5  
  94  12:53  SCV x2  
  94  12:54  Medivac  
  94  12:55  SCV  
  99  13:00  Marauder  
  99  13:05  SCV, Marine  
  102  13:06  SCV, Marine x4  
  102  13:09  Combat Shield  
  102  13:12  Terran Infantry Armor Level 1  
  108  13:17  SCV  
  108  13:18  SCV  
  110  13:21  SCV x2, Marauder  
  110  13:23  Marine  
  110  13:24  Marine x4  
  119  13:29  SCV  
  119  13:30  SCV  
  119  13:31  Command Center  
  119  13:33  SCV  
  121  13:41  SCV  
  121  13:42  SCV, Marine  
  121  13:43  Marauder  
  121  13:45  SCV  
  121  13:47  Factory Tech Lab  
  127  13:54  Barracks Reactor, SCV x2  
  127  13:55  Barracks Tech Lab  
  129  13:56  Marine x4  
  129  13:58  SCV  
  129  14:00  Marine  
  134  14:04  Marauder  
  134  14:06  SCV x2  
  138  14:10  SCV  
  138  14:14  Marine x4  
  142  14:17  Marine  
  142  14:18  SCV x2  
  142  14:22  SCV  
  146  14:25  Marauder  
  148  14:31  Marine  
  148  14:32  Marine x3  
  148  14:33  Engineering Bay  
  148  14:35  Marine  
  153  14:41  Command Center  
  153  14:45  Refinery  
  153  14:46  Refinery  
  153  14:47  Marauder  
  153  14:49  Marine  
  153  14:50  Marine x3  
  159  14:53  Marine  
  160  15:08  Marauder  
  94  15:33  Marauder x2, Marine  
  94  15:34  Marine x6  
  98  15:36  Thor  
  98  15:37  Thor  
  110  15:43  Factory  
  110  15:45  Factory  
  110  15:48  Orbital Command  
  110  15:49  Sensor Tower  
  110  15:51  Marine x4  
  110  15:52  Marine x3  
  110  15:54  Marauder x2  
  121  16:05  SCV x3  
  121  16:09  Marine x7  
  131  16:15  Marauder  
  131  16:16  Marauder  
  131  16:17  SCV x3  
  138  16:19  Thor x2  
  138  16:22  Medivac  
  152  16:27  Marine x7  
  152  16:29  Factory Tech Lab  
  159  16:37  Marauder x2  
  143  16:45  Marine  
  118  16:50  Factory Tech Lab  
  118  16:52  Medivac  
  118  16:53  Marine x2  
  118  16:54  Marine x4  
  93  16:58  Marauder  
  93  16:59  Marauder  
  94  17:02  Thor  
  94  17:03  Orbital Command, Marine  
  94  17:05  SCV x2  
  78  17:11  Marine x2  
  62  17:16  Marine  
  62  17:17  SCV x2  
  62  17:20  Marauder x2  
  62  17:22  Liberator  
  67  17:29  SCV x2  
  55  17:33  Marine x2  
  55  17:34  Marine x5  
  55  17:41  SCV x2, Marauder x2  
  60  17:45  Thor  
  60  17:51  Marine x3  
  66  17:52  Marine x4  
  66  17:53  Factory  
  72  18:02  Marauder, Command Center  
  72  18:03  Marauder  
  72  18:05  Liberator  
  75  18:09  Marine x3  
  75  18:10  Marine x4  
  69  18:24  Marauder x2  
  69  18:26  Marine  
  70  18:27  Marine x5  
  70  18:28  Marine  
Show
View Real Time Build Order
Export as new Build Order

qqq Protoss 

Build Orders:  

Get SALT Encoding   

  12  0:01  Probe  
  13  0:16  Pylon  
  13  0:19  Probe  
  14  0:31  Probe  
  15  0:43  Pylon  
  15  0:51  Probe  
  16  1:07  Nexus  
  16  1:18  Gateway  
  16  1:26  Pylon  
  16  1:33  Probe  
  17  1:42  Assimilator  
  17  1:45  Probe, Assimilator  
  18  1:57  Probe  
  19  2:09  Probe  
  20  2:20  Probe  
  20  2:21  Probe  
  22  2:26  Zealot  
  24  2:32  Probe, Cybernetics Core  
  24  2:33  Probe  
  26  2:44  Probe  
  27  2:46  Probe  
  28  2:56  Probe  
  28  2:57  Gateway  
  28  2:58  Probe  
  30  3:08  Probe (Chrono Boost)  
  31  3:17  Robotics Facility  
  31  3:19  Probe (Chrono Boost)  
  32  3:23  Probe (Chrono Boost)  
  32  3:26  Stargate  
  33  3:34  Probe  
  33  3:35  Robotics Facility  
  33  3:38  Stalker (Chrono Boost)  
  36  3:46  Probe  
  39  3:56  Stalker (Chrono Boost)  
  39  3:58  Probe  
  39  4:00  Stalker  
  42  4:11  Probe  
  42  4:15  Phoenix  
  45  4:22  Stalker  
  45  4:23  Probe  
  48  4:25  Pylon  
  48  4:30  Adept  
  50  4:35  Probe  
  51  4:40  Forge  
  51  4:46  Pylon x2  
  51  4:52  Stalker  
  51  4:56  Pylon  
  53  5:04  Immortal, Stalker  
  53  5:05  Probe  
  60  5:17  Probe  
  61  5:34  Stalker  
  63  5:39  Void Ray  
  67  5:45  Assimilator  
  67  5:46  Probe  
  67  5:49  Assimilator  
  68  5:51  Pylon  
  68  5:53  Nexus  
  68  5:56  Pylon  
  68  5:58  Probe  
  68  6:01  Robotics Bay  
  69  6:10  Probe  
  70  6:18  Photon Cannon  
  70  6:19  Photon Cannon  
  70  6:22  Probe, Photon Cannon  
  70  6:23  Shield Battery  
  70  6:24  Stalker, Adept  
  75  6:26  Photon Cannon  
  75  6:30  Observer  
  76  6:34  Probe  
  76  6:39  Immortal  
  81  6:47  Probe  
  82  6:51  Observer  
  85  6:54  Zealot  
  85  7:06  Photon Cannon  
  85  7:09  Pylon  
  85  7:12  Pylon, Immortal  
  89  7:18  Colossus  
  89  7:21  Phoenix  
  97  7:27  Protoss Ground Weapons Level 1  
  97  7:30  Zealot x2  
  97  7:32  Probe  
  102  7:44  Probe  
  102  7:47  Twilight Council  
  102  7:50  Pylon  
  103  7:54  Photon Cannon  
  103  7:57  Probe, Stalker  
  103  7:58  Pylon  
  106  8:02  Photon Cannon  
  106  8:09  Probe  
  107  8:15  Colossus  
  107  8:17  Observer  
  114  8:21  Probe  
  115  8:33  Probe  
  116  8:45  Probe  
  84  8:57  Probe, Stalker  
  84  8:58  Stalker  
  84  8:59  Colossus  
  89  9:09  Probe, Colossus  
  94  9:27  Stalker  
  94  9:28  Stalker  
  96  9:53  Immortal  
  96  9:57  Stalker  
  96  9:58  Zealot  
  104  10:02  Colossus  
  100  10:25  Zealot  
  100  10:27  Stalker  
  96  10:30  Probe  
  96  10:32  Immortal  
  95  10:38  Gateway  
  95  10:39  Gateway  
  95  10:41  Protoss Ground Armor Level 1  
  95  10:42  Probe, Gateway  
  96  10:44  Gateway  
  96  10:46  Gateway  
  98  10:52  Charge, Stalker  
  98  10:54  Probe  
  93  10:57  Zealot  
  93  11:03  Dark Shrine  
  87  11:07  Probe  
  82  11:19  Probe  
  82  11:22  Zealot  
  82  11:24  Stalker  
  87  11:29  Photon Cannon  
  87  11:32  Pylon  
  87  11:34  Pylon  
  87  11:38  Stalker x4  
  87  11:39  Photon Cannon  
  94  11:48  Immortal  
  94  11:49  Stalker  
  98  11:54  Stalker  
  96  12:07  Stalker  
  96  12:08  Zealot x3  
  96  12:16  Immortal  
  96  12:19  Zealot  
  102  12:24  Zealot  
  102  12:25  Assimilator  
  102  12:26  Colossus  
  102  12:27  Probe  
  102  12:29  Assimilator  
  111  12:35  Zealot, Stalker x2  
  117  12:37  Stalker  
  117  12:39  Probe  
  120  12:46  Zealot  
  120  12:49  Protoss Shields Level 1  
  122  12:51  Probe, Zealot  
  121  13:02  Dark Templar  
  121  13:03  Probe  
  108  13:16  Probe  
  105  13:22  Dark Templar, Stalker x2  
  105  13:23  Zealot x2  
  105  13:25  Colossus  
  105  13:26  Immortal  
  117  13:37  Probe  
  118  13:41  Stalker  
  120  13:48  Nexus  
  120  13:49  Probe, Pylon  
  120  13:50  Stalker  
  120  13:51  Pylon, Void Ray  
  120  13:55  Dark Templar  
  129  14:01  Probe  
  130  14:02  Templar Archives  
  130  14:13  Probe  
  115  14:25  Probe  
  100  14:48  Void Ray  
  100  14:50  Observer, Colossus  
  111  14:53  High Templar, Dark Templar  
  111  14:54  Zealot  
  111  14:58  Protoss Ground Weapons Level 2  
  111  14:59  Stalker x2  
  121  15:04  Probe  
  121  15:12  Photon Cannon, Immortal  
  125  15:16  Probe  
  126  15:28  Probe  
  127  15:32  Photon Cannon x2  
  127  15:35  Shield Battery  
  127  15:37  Photon Cannon  
  127  15:40  Probe, Photon Cannon  
  127  15:42  Photon Cannon  
  128  15:44  Zealot x2, Shield Battery, Immortal  
  136  16:02  Immortal  
  140  16:09  Pylon  
  139  16:17  High Templar, Zealot  
  143  16:23  Dark Templar  
  143  16:24  Immortal  
  143  16:25  High Templar  
  151  16:26  Stalker x2  
  155  16:44  Adept  
  157  16:56  Zealot x2  
  132  17:18  Stalker x4  
  130  17:23  High Templar x2  
  130  17:29  Archon  
  105  17:48  Zealot x4  
  105  17:51  Photon Cannon, Shield Battery  
  111  18:02  Zealot x2  
  111  18:04  Pylon, Nexus  
  115  18:06  Pylon  
  103  18:15  Zealot x2  
  103  18:16  Phoenix  
  112  18:28  Photon Cannon  
  112  18:30  Photon Cannon  
  112  18:32  Probe  
Show
View Real Time Build Order
Export as new Build Order

GERNICK Zerg - Winner!

Build Orders: Hatch First 

Get SALT Encoding   

  12  0:00  Drone  
  13  0:12  Overlord  
  13  0:17  Drone  
  14  0:34  Drone x3  
  17  1:00  Hatchery  
  17  1:03  Drone x2  
  18  1:06  Extractor  
  17  1:17  Spawning Pool  
  16  1:29  Drone x2  
  16  1:30  Drone  
  19  1:40  Overlord  
  19  1:51  Overlord  
  19  2:06  Drone  
  19  2:07  Queen  
  22  2:08  Metabolic Boost  
  22  2:12  Queen  
  24  2:17  Drone  
  24  2:20  Drone  
  26  2:24  Extractor  
  26  2:27  Drone  
  26  2:28  Drone  
  27  2:38  Drone  
  28  2:54  Drone  
  28  2:55  Lair  
  29  3:01  Drone x3  
  29  3:02  Drone  
  34  3:12  Zergling x2  
  34  3:14  Drone  
  34  3:18  Pneumatized Carapace  
  35  3:24  Evolution Chamber  
  35  3:26  Drone x3  
  37  3:27  Evolution Chamber  
  37  3:28  Drone  
  37  3:31  Drone  
  38  3:47  Hatchery  
  38  3:55  Drone x2  
  38  3:56  Drone  
  38  3:57  Drone x2  
  38  3:59  Drone  
  38  4:02  Extractor  
  42  4:04  Extractor  
  42  4:07  Zerg Melee Weapons Level 1  
  41  4:11  Overlord  
  41  4:14  Overlord  
  41  4:18  Overlord  
  41  4:26  Drone  
  41  4:28  Drone x2  
  44  4:34  Drone  
  45  4:42  Drone  
  45  4:45  Drone x3  
  48  4:46  Drone  
  48  4:50  Spire  
  48  4:51  Overseer  
  49  4:54  Zerg Ground Armor Level 1  
  49  4:55  Drone  
  50  5:01  Drone  
  50  5:02  Queen  
  50  5:03  Drone  
  50  5:05  Drone  
  55  5:08  Spore Crawler  
  54  5:14  Spore Crawler  
  54  5:15  Spore Crawler  
  54  5:16  Drone  
  54  5:17  Drone  
  54  5:27  Drone  
  54  5:28  Drone  
  56  5:38  Drone x3, Infestation Pit  
  58  5:48  Drone x2  
  58  5:49  Drone x3  
  63  5:50  Drone  
  63  5:51  Drone x3  
  63  5:53  Drone x2  
  63  5:56  Extractor  
  68  5:57  Extractor  
  68  6:00  Zergling x2  
  68  6:01  Zergling x2  
  69  6:10  Zerg Flyer Weapons Level 1  
  69  6:11  Corruptor  
  69  6:12  Corruptor  
  69  6:15  Overlord x3  
  73  6:19  Overlord x2  
  73  6:29  Drone  
  73  6:32  Overlord x3  
  74  6:36  Hive  
  74  6:41  Drone x2, Spire  
  74  6:44  Zerg Melee Weapons Level 2  
  75  7:03  Drone x4  
  79  7:18  Hatchery, Zergling x6  
  79  7:19  Zergling x4  
  79  7:20  Zergling x6  
  79  7:22  Corruptor x2  
  90  7:33  Zergling x2  
  91  7:55  Zergling x12  
  91  7:57  Corruptor x3  
  99  8:23  Zerg Flyer Armor Level 1, Zerg Flyer Weapons Level 2  
  99  8:24  Ultralisk Cavern  
  99  8:26  Zerg Ground Armor Level 2  
  98  8:27  Corruptor x2  
  98  8:31  Zergling x6  
  97  9:02  Zergling x2  
  93  9:03  Zergling x10  
  93  9:04  Zergling x10  
  99  9:14  Zergling x12  
  99  9:15  Zergling x2  
  91  9:37  Zergling x6  
  86  9:38  Zergling x2  
  86  9:39  Zergling x4  
  89  9:49  Ultralisk x3  
  99  10:21  Zergling x2  
  99  10:22  Zergling x4, Ultralisk x3  
  99  10:23  Zergling x8  
  122  10:30  Queen  
  122  10:32  Zergling x2  
  125  10:44  Hatchery  
  121  11:14  Ultralisk  
  121  11:15  Zergling x4  
  121  11:17  Overlord x3  
  119  11:36  Zerg Melee Weapons Level 3, Adrenal Glands, Zerg Ground Armor Level 3  
  119  11:38  Zerg Flyer Weapons Level 3  
  118  11:41  Greater Spire  
  117  12:01  Chitinous Plating  
  105  12:03  Ultralisk x2  
  112  12:08  Drone x3  
  112  12:09  Drone  
  112  12:13  Extractor  
  112  12:14  Queen  
  104  12:15  Drone  
  104  12:16  Drone  
  104  12:20  Drone x3  
  104  12:21  Drone x2  
  104  12:22  Drone x3  
  111  12:30  Zergling x2  
  111  12:31  Zergling x4  
  111  12:32  Zergling x2  
  111  12:34  Zergling x2  
  111  12:36  Zergling x4  
  117  12:39  Overseer x2  
  117  12:40  Overseer  
  117  12:44  Corruptor  
  117  12:47  Queen  
  117  12:48  Drone x2  
  117  12:49  Drone  
  117  12:50  Drone  
  125  12:57  Drone  
  126  12:59  Extractor  
  126  13:00  Extractor  
  123  13:19  Anabolic Synthesis  
  122  13:20  Overlord x2  
  122  13:21  Overlord x2  
  122  13:24  Ultralisk x5  
  143  13:55  Hatchery  
  143  13:58  Zergling x4  
  143  13:59  Zergling x2  
  143  14:01  Overlord x3  
  145  14:05  Drone x4  
  145  14:06  Drone  
  150  14:11  Drone x2  
  150  14:12  Drone  
  150  14:15  Drone  
  150  14:16  Drone  
  155  14:17  Hatchery, Drone  
  155  14:21  Corruptor  
  157  14:24  Corruptor  
  159  14:33  Brood Lord x3  
  165  14:43  Drone x2  
  165  14:45  Ultralisk x2  
  164  15:37  Zerg Flyer Armor Level 2  
  164  15:39  Ultralisk  
  164  15:40  Ultralisk x2  
  183  15:42  Zergling x2  
  183  15:43  Zergling x6  
  186  15:53  Corruptor x3  
  186  15:54  Corruptor  
  186  15:55  Corruptor  
  186  15:56  Corruptor  
  198  15:59  Zergling x4  
  187  16:35  Drone x2  
  187  16:36  Drone  
  187  16:38  Drone  
  187  16:39  Drone x5  
  164  17:14  Extractor  
  164  17:15  Extractor  
  149  17:16  Ultralisk  
  149  17:17  Ultralisk x2  
  149  17:20  Zergling x8  
  149  17:22  Corruptor x3  
  165  17:33  Drone  
  165  17:34  Drone x2  
  168  17:37  Queen  
  170  17:44  Ultralisk x3  
  170  17:45  Ultralisk  
  170  17:47  Corruptor x2  
  197  18:00  Drone x2  
  197  18:02  Spore Crawler  
  197  18:03  Spine Crawler  
  197  18:04  Drone  
  197  18:05  Drone x2  
Show
View Real Time Build Order
Export as new Build Order

TheOldBee Zerg - Winner!

Build Orders: Hatch First, Lurkers 

Get SALT Encoding   

  12  0:02  Drone  
  13  0:12  Overlord  
  13  0:17  Drone  
  14  0:30  Drone  
  14  0:31  Drone  
  16  0:38  Drone  
  17  0:47  Drone  
  18  0:58  Extractor  
  18  0:59  Drone  
  18  1:05  Hatchery  
  17  1:18  Spawning Pool  
  16  1:19  Drone  
  16  1:23  Drone  
  18  1:35  Drone  
  19  1:40  Overlord  
  19  2:05  Drone x2  
  21  2:09  Queen  
  21  2:12  Metabolic Boost  
  23  2:19  Drone  
  23  2:20  Zergling x2  
  25  2:23  Drone  
  25  2:25  Queen  
  28  2:30  Zergling x2  
  28  2:37  Evolution Chamber  
  28  2:40  Extractor  
  28  2:53  Drone  
  28  2:54  Drone  
  28  2:57  Pneumatized Carapace  
  30  3:01  Zergling x6  
  32  3:11  Drone x2  
  34  3:18  Overlord  
  34  3:28  Queen  
  34  3:29  Hatchery  
  34  3:53  Drone x7, Overlord  
  34  3:54  Overlord  
  41  3:59  Lair  
  41  4:04  Overlord  
  39  4:43  Drone  
  39  4:44  Drone x8  
  48  4:51  Baneling Nest  
  47  4:53  Extractor  
  47  4:55  Evolution Chamber  
  47  4:56  Drone x2  
  47  4:57  Extractor, Evolution Chamber  
  45  5:00  Drone x3  
  45  5:01  Drone, Overlord  
  49  5:08  Overlord x2  
  49  5:12  Spore Crawler x2  
  47  5:14  Drone  
  47  5:15  Drone x4  
  47  5:17  Extractor  
  51  5:22  Zerg Ground Armor Level 1  
  51  5:26  Zerg Melee Weapons Level 1  
  51  5:28  Spore Crawler  
  50  5:37  Hydralisk Den  
  50  5:38  Spore Crawler  
  50  5:40  Drone x3  
  50  5:42  Drone x3  
  54  5:43  Drone  
  56  5:50  Zergling x8  
  56  5:54  Queen  
  61  5:59  Drone x2  
  61  6:02  Zergling x6  
  66  6:13  Centrifical Hooks  
  66  6:16  Drone x3  
  66  6:17  Zergling x2  
  66  6:18  Zergling x6  
  73  6:22  Baneling x4  
  73  6:23  Baneling x4  
  73  6:26  Drone x2  
  73  6:28  Drone  
  73  6:29  Drone  
  73  6:31  Drone  
  73  6:32  Drone  
  79  6:34  Muscular Augments  
  79  6:38  Drone  
  79  6:39  Drone x2  
  82  6:48  Drone x2  
  82  6:49  Drone  
  85  6:57  Hydralisk  
  85  6:58  Hydralisk  
  89  7:02  Drone  
  89  7:05  Overlord  
  89  7:06  Extractor, Overlord  
  89  7:19  Zerg Ground Armor Level 2  
  89  7:20  Hatchery  
  89  7:21  Zerg Melee Weapons Level 2  
  88  7:29  Infestation Pit  
  87  7:31  Drone x2, Extractor  
  87  7:32  Drone  
  89  7:37  Drone  
  89  7:38  Drone x2  
  89  7:40  Overseer  
  92  7:46  Grooved Spines  
  92  7:47  Zergling x2  
  92  7:48  Zergling x10  
  98  7:54  Hatchery  
  97  8:05  Overlord x3  
  97  8:11  Drone  
  98  8:13  Overlord  
  98  8:14  Overlord  
  98  8:23  Queen x2  
  98  8:25  Drone  
  98  8:26  Drone x8  
  98  8:27  Drone x2  
  113  8:30  Zergling x4  
  113  8:31  Zergling x10  
  120  8:41  Zergling x4  
  117  8:49  Hatchery, Zergling x2  
  117  8:50  Zergling x4  
  117  8:53  Hydralisk x4  
  120  8:57  Zergling x2  
  120  8:58  Zergling x4  
  120  9:01  Baneling x3  
  116  9:07  Zergling x2  
  116  9:08  Zergling x6  
  119  9:15  Zergling x6  
  107  9:19  Zergling x2  
  107  9:21  Hydralisk  
  102  9:24  Hydralisk  
  102  9:30  Zergling x2  
  102  9:31  Zergling x2  
  97  9:36  Hydralisk x3  
  95  9:45  Zergling x4  
  86  9:52  Zergling x6  
  80  9:57  Hydralisk x4  
  80  9:58  Hydralisk x3  
  82  10:00  Zergling x4  
  82  10:01  Zergling x6  
  81  10:08  Hydralisk x2  
  81  10:09  Hydralisk x3  
  86  10:17  Hydralisk x3  
  90  10:23  Hydralisk  
  90  10:24  Hydralisk x3  
  95  10:30  Drone  
  95  10:31  Drone x7  
  95  10:34  Baneling x6  
  95  10:35  Baneling x6  
  92  11:00  Hydralisk  
  92  11:01  Hydralisk x7  
  91  11:21  Zergling x2  
  91  11:22  Zergling x12  
  96  11:39  Hydralisk x3  
  96  11:41  Hatchery  
  96  11:46  Hatchery  
  98  11:50  Lurker Den, Hive  
  90  12:14  Hydralisk  
  90  12:15  Hydralisk x6  
  100  12:23  Zergling x2  
  101  12:35  Zergling x2  
  101  12:36  Zergling x20  
  110  12:47  Zergling x2  
  110  12:48  Zergling x14  
  110  13:02  Zergling x6  
  110  13:03  Queen  
  101  13:13  Drone  
  101  13:14  Drone x6  
  101  13:15  Drone x4  
  101  13:16  Drone x2  
  101  13:17  Drone  
  112  13:23  Zergling x4  
  112  13:25  Lurker x4  
  118  13:32  Drone x2  
  118  13:33  Drone x2  
  122  13:39  Drone x2  
  124  13:41  Drone x2  
  124  13:42  Drone  
  124  13:48  Extractor x2  
  125  13:54  Zerg Missile Weapons Level 1  
  125  13:57  Zerg Ground Armor Level 3  
  125  13:58  Zergling x8  
  125  13:59  Zergling x4  
  131  14:04  Adaptive Talons  
  117  14:21  Zergling x10  
  89  14:46  Hydralisk x5  
  89  14:47  Hydralisk x3  
  89  14:48  Overseer x3  
  85  15:01  Seismic Spines  
  79  15:11  Hydralisk x7  
  79  15:12  Hydralisk x11  
  79  15:13  Hydralisk  
  115  15:22  Hydralisk x3  
  121  15:29  Drone x3  
  124  15:39  Queen  
  124  15:41  Drone  
  127  15:47  Drone x2  
  127  15:48  Drone  
  130  15:52  Drone  
  130  15:53  Extractor  
  130  15:55  Extractor  
  129  16:01  Lurker x5  
  129  16:04  Zerg Missile Weapons Level 2  
  134  16:26  Overlord x4  
  134  16:37  Hatchery  
  134  16:38  Overlord x2  
  134  16:39  Overlord  
  133  16:52  Spine Crawler, Spore Crawler, Overseer  
  129  16:56  Spine Crawler  
  129  16:57  Spine Crawler  
  127  17:02  Hydralisk, Overseer  
  127  17:03  Spine Crawler, Hydralisk x3  
  110  17:34  Overseer x2  
  86  18:00  Hydralisk x7  
  86  18:01  Hydralisk  
  86  18:02  Queen  
  100  18:09  Drone  
  100  18:10  Drone x8  
  98  18:28  Spine Crawler  
  98  18:29  Overseer  
Tags
 
Add a new tag
Caveats
  • Supply blocks, unpowered buildings, or Contaminate may cause inaccurate times.
  • Supply counts are checked every 10 seconds.